 Dungeon Crawl Stone Soup version 0.22.1-1-ga44c0e56f4 (webtiles) character file.

40 Morbidden the Skirmisher (level 3, -2/19 HPs)
             Began as a Vine Stalker Fighter on Nov 6, 2018.
             Slain by a bullfrog (3 damage)
             ... on level 2 of the Dungeon.
             The game lasted 00:02:08 (1075 turns).

Morbidden the Skirmisher (Vine Stalker Fighter)     Turns: 1075, Time: 00:02:09

Health: -2/19      AC:  6    Str: 19    XL:     3   Next: 50%
Magic:  0/5        EV:  4    Int:  8    God:
Gold:   19         SH:  9    Dex: 13    Spells: 4/4 levels left

rFire    . . .     SeeInvis .   a - +0 war axe
rCold    . . .     Gourm    .   c - +0 shield
rNeg     . . .     Faith    .   b - +0 scale mail
rPois    .         Spirit   +   (no helmet)
rElec    .         Reflect  .   (no cloak)
rCorr    .         Harm     .   (no gloves)
MR       .....                  (no boots)
Stlth    ..........             h - amulet of inaccuracy (curse)
HPRegen  0.06/turn              (no ring)
MPRegen  0.09/turn              (no ring)

@: constricted
A: fangs 2, magic shield, antimagic bite, no potion heal 3, rot immunity
a: no special abilities


You were on level 2 of the Dungeon.
You were hungry.

You visited 1 branch of the dungeon, and saw 2 of its levels.

You collected 19 gold pieces.

Inventory:

Hand Weapons
 a - a +0 war axe (weapon)
Armour
 b - a +0 scale mail (worn)
 c - a +0 shield (worn)
Jewellery
 h - a cursed amulet of inaccuracy (around neck)
Scrolls
 e - a scroll of fear
 g - a scroll of teleportation
Potions
 d - a potion of might
Comestibles
 f - a ration


   Skills:
 + Level 2.8 Fighting
 * Level 2.7 Axes
 + Level 2.5 Armour
 + Level 2.8 Shields
 * Level 1.1 Spellcasting


You had 4 spell levels left.
You didn't know any spells.
Your spell library was empty.

Dungeon Overview and Level Annotations

Branches:
Dungeon (2/15)

Altars:


Innate Abilities, Weirdness & Mutations

You have extremely sharp teeth.
When hurt, damage is shared between your health and your magic reserves.
Your bite disrupts and absorbs the magic of your enemies.
Potions cannot restore your health.
You are immune to rotting.


Message History

The bullfrog is lightly wounded.
You miss the ball python. You block the bullfrog's attack.
The bat hits you but does no damage. You block the bullfrog's attack.
The ball python bites you but does no damage.
The ball python constricts you. The bat hits you.
The bullfrog barely misses you.
You closely miss the bullfrog. Your bite misses the bullfrog.
The bullfrog is lightly wounded.
You closely miss the ball python. You hit the bat.
You kill the bat!
The ball python bites you but does no damage.
The ball python constricts you. The bullfrog hits you!
* * * LOW HITPOINT WARNING * * *
The ball python bites you but does no damage.
The ball python constricts you.
The bullfrog hits you but does no damage.
You miss the bullfrog.
The bullfrog is lightly wounded.
You closely miss the ball python. The bullfrog hits you.
You die...

#..........# #..........#
#..........# #..........#
####### ###..........#
....... .......$....## #..
.##### #..........##..
.##### #....†S.>...#.#
<....#######.$..@F.......
.###..................$..
. .#
#########...........###...
.# ##................ ..
##......#<.## #.
#####......# . #.....÷# .#
#......# #......#


You could see a bullfrog and a ball python.

Vanquished Creatures
  An adder (D:2)
  2 oozes (D:1)
  A leopard gecko (D:1)
  4 giant cockroaches (D:1)
  A goblin (D:1)
  A hobgoblin (D:1)
  5 bats
  A frilled lizard (D:1)
  4 kobolds (D:1)
20 creatures vanquished.

Notes
Turn   | Place    | Note
-------+----------+-------------------------------------------
     0 | D:1      | Morbidden the Vine Stalker Fighter began the quest for the
                  | Orb.
     0 | D:1      | Reached XP level 1. HP: 11/11 MP: 2/2
   268 | D:1      | Reached XP level 2. HP: 10/16 MP: 3/3
   505 | D:1      | Reached skill level 1 in Spellcasting
   568 | D:1      | Reached XP level 3. HP: 4/19 MP: 2/5
   752 | D:2      | Noticed a bullfrog
  1075 | D:2      | Slain by a bullfrog

Skill      XL: |  1  2 |
---------------+-------+-----
Axes           | 2 |  2.7
Spellcasting   | 1 |  1.1
Fighting       | |  2.8
Armour         | |  2.5
Shields        | |  2.8

Action                   || total
-------------------------++-------
Melee: War axe           ||   113
       Bite              ||    23
  Use: Scroll            ||     3
Armor: Scale mail        ||    75
Dodge: Dodged            ||    42
Block: Shield            ||    96
